 Dungeon Crawl Stone Soup version 0.28.0-62-gf88900778d (webtiles) character file.

Game seed: 16791926276395925775

566180 cbfl8 the Axe Maniac (level 25, -4/370 HPs)
             Began as a Minotaur Berserker on July 2, 2023.
             Was the Champion of Trog.
             Slain by a yellow draconian knight
             ... wielding a +2 vorpal dire flail
              (9 damage)
             ... on level 2 of the Realm of Zot on July 3, 2023.
             The game lasted 02:37:09 (83167 turns).

cbfl8 the Axe Maniac (Minotaur Berserker)          Turns: 83167, Time: 02:37:10

Health: -4/370     AC:  8    Str: 24    XL:     25   Next: 50%
Magic:  22/22      EV: 20    Int: 13    God:    Trog [******]
Gold:   6690       SH: 27    Dex: 28    Spells: 24/24 levels left

rFire   + . .      SeeInvis .   z - +8 broad axe (vamp)
rCold   + . .      Faith    .   s - +2 kite shield {reflect}
rNeg    . . .      Spirit   .   Z - +8 orange crystal plate armour {Archmagi, Int+3 Clar}
rPois   +          Reflect  +   (helmet restricted)
rElec   +          Harm     .   k - +1 cloak of the Six Tables {Int+3 Dex+3 Stlth+}
rCorr   .          Rampage  .   S - +0 pair of fencer's gloves {Riposte Dex+3}
Will    ++...      Archmagi +   X - +2 pair of boots {Stlth+}
Stlth   .......... Clarity  +   a - amulet of reflection
HPRegen 0.71/turn               P - ring of Nifem {rElec rPois EV+4}
MPRegen 0.18/turn               o - ring of the Trout {rF+ rC+ Will+ Int+3}

@: berserking (expiring), corroded, studying 2 skills, very quick
A: horns 2, retaliatory headbutt, agile 1, subdued magic 1
}: 3/15 runes: barnacled, silver, gossamer
a: Renounce Religion, Berserk, Trog's Hand, Brothers in Arms


You were on level 2 of the Realm of Zot.
You worshipped Trog.
Trog was exalted by your worship.
You visited 9 branches of the dungeon, and saw 47 of its levels.
You visited the Abyss 1 time.
You also visited: Trove, Bailey and Gauntlet.

You collected 7167 gold pieces.
You spent 477 gold pieces at shops.

Inventory:

Hand Weapons
 p - a +2 antimagic broad axe
 z - a +8 vampiric broad axe (weapon)
Armour
 k - the +1 cloak of the Six Tables (worn) {Int+3 Dex+3 Stlth+}
   (You found it on level 8 of the Dungeon)

   Int:       It affects your intelligence (+3).
   Dex:       It affects your dexterity (+3).
   Stlth:     It makes you more stealthy.
 s - a +2 kite shield of reflection (worn)
 K - the +9 plate armour of Kegg {rF++ Will+}
   (You found it on level 6 of the Lair of Beasts)

   rF:        It greatly protects you from fire.
   Will:      It increases your willpower.
 S - the +0 pair of fencer's gloves (worn) {Riposte Dex+3}
   (You found it on level 4 of the Spider Nest)

   It allows the wearer to riposte with melee weapons, swiftly retaliating
   against missed attacks.
   Dex:       It affects your dexterity (+3).
 X - a +2 pair of boots of stealth (worn)
 Z - the +8 orange crystal plate armour (worn) {Archmagi, Int+3 Clar}
   (You found it on level 3 of the Elven Halls)

   Int:       It affects your intelligence (+3).
   Clar:      It protects you against confusion.
Jewellery
 a - an amulet of reflection (around neck)
 o - the ring of the Trout (right hand) {rF+ rC+ Will+ Int+3}
   (You found it in a treasure trove)

   [ring of willpower]

   Int:       It affects your intelligence (+3).
   rF:        It protects you from fire.
   rC:        It protects you from cold.
   Will:      It increases your willpower.
 P - the ring of Nifem (left hand) {rElec rPois EV+4}
   (You found it in a Gauntlet)

   [ring of evasion]

   EV:        It affects your evasion (+4).
   rElec:     It insulates you from electricity.
   rPois:     It protects you from poison.
 V - the ring of the Duchess {Fire rPois Will+++ Int+2 Stlth-}
   (You found it on level 5 of the Vaults)

   [ring of fire]

   It enhances your fire magic.
   Int:       It affects your intelligence (+2).
   rF:        It protects you from fire.
   rC:        It makes you vulnerable to cold.
   rPois:     It protects you from poison.
   Will:      It greatly increases your willpower.
   Stlth:     It makes you less stealthy.
Wands
 e - a wand of acid (9)
 f - a wand of digging (9)
 j - a wand of mindburst (7)
 q - a wand of charming (12)
 x - a wand of flame (18)
 B - a wand of polymorph (21)
 C - a wand of iceblast (19)
 Q - a wand of paralysis (9) (quivered)
Scrolls
 b - 4 scrolls of fear
 g - a scroll of blinking
 h - 4 scrolls of magic mapping
 n - a scroll of brand weapon
 t - 2 scrolls of silence
 w - 5 scrolls of fog
 D - 5 scrolls of noise
 E - a scroll of enchant armour
 F - a scroll of holy word
 J - 14 scrolls of teleportation
 T - 2 scrolls of summoning
Potions
 c - 5 potions of might
 d - 13 potions of curing
 i - a potion of invisibility
 l - 3 potions of mutation
 m - 9 potions of cancellation
 r - 10 potions of haste
 u - a potion of berserk rage
 v - 13 potions of flight
 A - 2 potions of resistance
 H - 10 potions of ambrosia
Miscellaneous
 y - a box of beasts
 G - a phial of floods
 O - a condenser vane
 U - a piece from Xom's chessboard (15/15)
 W - a phantom mirror
 Y - a lightning rod (4/4)


   Skills:
 * Level 24.6 Fighting
 O Level 27 Axes
 * Level 21.1 Armour
 * Level 15.0 Dodging
 * Level 15.3 Stealth
 + Level 24.6 Shields
 * Level 15.8 Evocations


You had 24 spell levels left.
You didn't know any spells.
Your spell library was empty.

Dungeon Overview and Level Annotations

Branches:
Dungeon (15/15)            Temple (0/1) D:7            Lair (6/6) D:10
 Shoals (4/4) Lair:3       Spider (4/4) Lair:3        Slime (0/5) Lair:6
    Orc (2/2) D:11            Elf (3/3) Orc:2        Vaults (5/5) D:13
  Crypt (0/3) Vaults:2     Depths (4/4) D:15            Zot (4/5) Depths:4
 Bailey (visited)         Gauntlet (visited)

Altars:
Cheibriados
Dithmenos
Elyvilon
Kikubaaqudgha
Makhleb
Sif Muna
Vehumet
Xom
Zin
The Shining One

Shops:
D:6 (   D:11 (   Orc:2 :((=?   Elf:1 :   Elf:2 *(*=   Elf:3 ?   Shoals:2 (
Vaults:1 [   Vaults:2 ::(?*   Depths:2 *

Portals:
Hell: Depths:1 Depths:2 Depths:3 Depths:4
Abyss: Depths:2 Depths:3 Depths:4
Pandemonium: Depths:1 Depths:2
Ziggurat: Depths:1

Annotations:
D:6 2 runed translucent doors, cbfl8's ghost, novice MiBe
Depths:2 3 runed translucent doors, bronco's ghost, veteran GnMo
Depths:3 exclusion: 2 obsidian statues


Innate Abilities, Weirdness & Mutations

You have a pair of horns on your head.
You reflexively headbutt those who attack you in melee.
You are agile. (Dex +2)
Your spells are a little easier to cast, but a little less powerful.


Message History

You hit the yellow draconian but do no damage.
You slice something!!
You feel better. Something hits you!
* * * LOW HITPOINT WARNING * * *
Unknown command.
You slash the yellow draconian!
Your headbutt misses the yellow draconian.
The yellow draconian is lightly wounded.
You hit something but do no damage. You slash the yellow draconian!
You block the yellow draconian's attack.
Unknown command.
You slash the yellow draconian!
You feel better.
The yellow draconian is moderately wounded.
You hit something but do no damage. You hit the yellow draconian.
You block the yellow draconian's attack.
Something hits you!!
* * * LOW HITPOINT WARNING * * *
x2 The yellow draconian hits you with a +0 glaive!!
* * * LOW HITPOINT WARNING * * *
You hit something but do no damage. Your headbutt misses something.
You barely miss the yellow draconian. You slash the yellow draconian!
You feel better.
Unknown command.
You hit something but do no damage.
You hit the yellow draconian but do no damage.
You barely miss the yellow draconian.
You hear a spitting sound.
A glob of acid appears from out of thin air!
The glob of acid hits you!
* * * LOW HITPOINT WARNING * * *
The acid corrodes you!
The yellow draconian hits you with a +0 glaive!!!
* * * LOW HITPOINT WARNING * * *
You block the yellow draconian's attack.
You block something's attack.
The yellow draconian hits you from afar with a +0 glaive!
* * * LOW HITPOINT WARNING * * *
You see here a +3 spear of flaming.
You feel a strong urge to attack something.
Something hits you!
You die... .....# dJ.J#

#......# ##.###.. ...### #Jd#
##....## ##..# ##. ...# #Jd#
##..## ##..## ##. ...# #d## #...#
##..## #.. ...## #.# ##...#
##..## ##.. ....##
#.#####....###..## ##...
#....####.........###..## ##....
#......#####.d))..#...## ##.....
.............d))@<..### ##......
..............){....# ##.......
....................# ###.....#..
...................####)<..^##..#
...................##.).)..##..##
..........................##..##
........................##...##
......................###...##
#...................###...###


You could see 2 draconians.

Vanquished Creatures
  An ancient lich (Vaults:5)
  Mennas (Vaults:2)
  A juggernaut (Zot:4)
  Boris (Depths:4)
  Margery (Vaults:3)
  Saint Roka (Depths:4)
  A caustic shrike (Depths:1)
  7 golden dragons
  A curse toe (Zot:2)
  Jory (Depths:4)
  2 bone dragons
  An electric golem (Zot:1)
  20 tentacled monstrosities
  A lich (Vaults:4)
  Jorgrun (D:13)
  2 acid blobs (Zot:2)
  Asterion (Elf:3)
  3 titans
  4 quicksilver dragons
  8 death cobs
  A deep elf master archer (Elf:3)
  2 deep elf blademasters
  Agnes (Spider:4)
  3 sphinxes
  5 shadow dragons
  Donald (Spider:2)
  4 tengu reavers
  Kirke (Shoals:1)
  7 storm dragons
  Roxanne (Spider:4)
  5 draconian knights
  3 draconian monks
  6 draconian scorchers
  13 deep elf sorcerers
  21 vault wardens
  A frost giant (shapeshifter) (Vaults:5)
  6 ghost moths
  6 frost giants
  3 iron dragons
  3 orc warlords
  6 draconian shifters
  Aizul (Vaults:1)
  8 deep elf elementalists
  8 fire giants
  6 draconian stormcallers
  2 spriggan defenders (Depths:4)
  26 stone giants
  14 ironbound preservers
  15 war gargoyles
  6 draconian annihilators
  A broodmother (Spider:2)
  Nessos (D:12)
  7 ironbound thunderhulks
  26 very ugly things
  10 green draconians
  6 deep elf demonologists
  2 vampire knights
  9 deep elf annihilators
  An eleionoma (shapeshifter) (Depths:3)
  5 purple draconians
  3 spark wasps (Depths:1)
  17 red draconians
  23 yellow draconians
  6 black draconians
  2 entropy weavers
  9 white draconians
  A minotaur (Gauntlet)
  A minotaur (shapeshifter) (Depths:3)
  11 dire elephants
  3 blizzard demons (Depths:3)
  9 merfolk impalers
  10 deep elf death magi
  5 merfolk javelineers
  A fire dragon (shapeshifter) (Depths:3)
  9 ettins
  A crystal guardian (Vaults:2)
  Josephine (Lair:6)
  11 fire dragons
  3 jiangshi (Depths:4)
  7 deep elf high priests
  A great orb of eyes (shapeshifter) (Vaults:5)
  43 vault guards
  Fannar (Lair:1)
  3 spriggan air magi
  19 boulder beetles
  Harold (D:11)
  16 yaktaur captains
  A jorogumo (Spider:2)
  8 great orbs of eyes
  4 ice dragons (Depths:4)
  Erolcha (D:10)
  14 hydras
  3 rakshasas
  4 ogre magi
  An anaconda (Depths:2)
  A catoblepas (shapeshifter) (Depths:4)
  5 merfolk aquamancers
  4 peacekeepers
  A catoblepas (Gauntlet)
  Erica (D:9)
  3 merfolk avatars
  6 centaur warriors
  43 dancing weapons
  2 satyrs
  20 two-headed ogres
  7 ironbound frosthearts
  A two-headed ogre (shapeshifter) (Depths:3)
  5 tengu warriors (Depths:1)
  12 deep troll earth magi
  5 death yaks (Lair:5)
  7 deep troll shamans
  A hell hog (Abyss:2)
  2 orc high priests (Elf:2)
  2 vampire magi
  A death scarab (Gauntlet)
  A shock serpent (shapeshifter) (Vaults:5)
  4 spriggan berserkers
  Nergalle (D:11)
  Sonja (D:11)
  7 hell knights
  23 deep elf knights
  6 skeletal warriors (Vaults:2)
  2 wretched stars (Abyss:2)
  7 pharaoh ants
  A shadow wraith (Shoals:1)
  A fire crab (Gauntlet)
  A sixfirhy (Abyss:2)
  9 iron trolls
  4 sea snakes
  6 large abominations
  3 sun moths
  A golden dragon zombie (Depths:4)
  A flayed ghost (Vaults:4)
  60 deep trolls
  A swamp dragon (Vaults:4)
  2 orb spiders
  10 glowing orange brains
  A spectral hydra (Gauntlet)
  A sea snake (shapeshifter) (Depths:3)
  5 steelbarb worms
  3 phantasmal warriors
  15 deep elf archers
  13 wizards
  A shadow demon (Depths:2)
  2 sphinx zombies
  3 orc knights
  28 deep elf pyromancers
  15 ironbound convokers
  3 lindwurms
  An obsidian statue (Depths:3)
  27 deep elf zephyrmancers
  20 harpies
  Pikel (D:5)
  10 necromancers
  A human zombie (Vaults:1)
  9 cyclopes
  5 oklob plants
  7 orc sorcerers
  A wolf spider (shapeshifter) (Depths:3)
  8 wolf spiders
  49 ugly things
  A mana viper (shapeshifter) (Depths:3)
  A shining eye (shapeshifter) (Vaults:4)
  13 manticores
  19 fauns
  22 moths of wrath
  A stone giant skeleton (Vaults:3)
  A manticore (shapeshifter) (Depths:3)
  A frost giant skeleton (Vaults:2)
  10 black mambas
  6 centaur zombies
  A fire giant skeleton (Vaults:2)
  A torpor snail (shapeshifter) (Depths:3)
  2 guardian serpents (Vaults:4)
  A dire elephant zombie (Abyss:2)
  4 elephants (Lair:6)
  17 vault sentinels
  3 eyes of devastation
  11 merfolk sirens
  2 molten gargoyles
  3 gargoyles
  3 rust devils (Depths:2)
  Joseph (D:9)
  A smoke demon (Depths:2)
  4 torpor snails
  10 water nymphs
  A naga mage (D:15)
  12 cane toads
  2 cane toads (shapeshifter)
  An orange demon (Abyss:2)
  A freezing wraith (Vaults:4)
  6 kobold demonologists
  A yaktaur zombie (Vaults:5)
  2 hellions (Elf:2)
  11 demonic crawlers
  A minotaur zombie (Gauntlet)
  31 yaktaurs
  5 rime drakes
  A komodo dragon (shapeshifter) (Vaults:5)
  An ice devil (Depths:2)
  A tengu conjurer (Depths:1)
  2 efreet
  10 komodo dragons
  2 hellwings
  2 red devils
  A meliai (shapeshifter) (Elf:1)
  2 yaktaur skeletons
  27 merfolk
  9 hornets
  10 polar bears
  A queen bee (D:12)
  3 ancient zymes (Abyss:2)
  16 tarantellas
  42 slime creatures
  8 meliai
  6 raiju (Abyss:2)
  A slime creature (shapeshifter) (Vaults:4)
  21 trolls
  A fire giant simulacrum (Vaults:5)
  Grinder (D:3)
  Prince Ribbit (Lair:1)
  A deep troll zombie (Vaults:3)
  31 blink frogs
  10 dream sheep
  10 wind drakes
  24 jumping spiders
  10 snapping turtles
  8 human skeletons
  2 human simulacra
  8 culicivoras
  26 water elementals
  2 ettin skeletons (Vaults:2)
  A ynoxinul (Depths:2)
  9 air elementals
  4 small abominations (Abyss:2)
  12 spriggans (Lair:6)
  2 vampires
  A shadow (D:12)
  4 wraiths
  48 yaks
  8 wyverns
  3 steam dragons
  9 basilisks
  9 fire elementals
  2 fire bats (Gauntlet)
  3 golden eyes (Depths:2)
  5 hogs (Shoals:1)
  48 redbacks
  Menkaure (D:5)
  2 neqoxecs (Abyss:2)
  2 vampire mosquitoes (D:12)
  3 wargs
  14 water moccasins
  An acid dragon (D:12)
  A meliai simulacrum (D:12)
  3 floating eyes
  35 orc warriors
  A deep troll simulacrum (Vaults:5)
  4 black bears (Lair:6)
  A necrophage (D:5)
  2 ice beasts
  4 boggarts (Lair:6)
  A tengu (shapeshifter) (Depths:3)
  A centaur (D:5)
  31 ogres
  51 wolves
  A phantom (D:3)
  An elf simulacrum (Vaults:3)
  8 kobold brigands
  2 elf zombies (Elf:1)
  Blork the orc (D:5)
  6 earth elementals
  A wyvern skeleton (D:7)
  17 bullfrogs
  5 scorpions
  A glowing shapeshifter simulacrum (Vaults:1)
  21 killer bees (D:12)
  5 howler monkeys
  8 wights
  4 starcursed masses (Abyss:2)
  9 orc priests
  2 jellies (Zot:2)
  2 bullfrog skeletons (D:5)
  Jessica (D:2)
  4 centaur skeletons
  4 iguanas (D:5)
  An iguana (shapeshifter) (Vaults:5)
  19 orc wizards
  A hell rat (Lair:2)
  2 killer bee zombies
  A hound skeleton (D:5)
  A howler monkey zombie (D:8)
  15 gnolls
  A howler monkey skeleton (D:5)
  3 adders
  3 white imps
  2 ufetubi
  An adder skeleton (D:4)
  3 worms
  82 orcs
  7 endoplasms
  7 giant cockroaches
  16 goblins
  9 hobgoblins
  13 jackals
  4 quokkas
  4 ball pythons
  7 bats
  3 frilled lizards
  38 kobolds
  6 rats
  3 bushes
2270 creatures vanquished.

Vanquished Creatures (collateral kills)
  A vault warden (Vaults:4)
  A vault guard (Vaults:5)
  An orc knight (Vaults:4)
3 creatures vanquished.

Vanquished Creatures (others)
  A frost giant (Depths:1)
  A vault warden (Vaults:5)
  A great orb of eyes (Depths:3)
  A yaktaur captain (Vaults:1)
  A deep elf knight (Elf:2)
  2 deep elf pyromancers (Elf:3)
  A manticore (Shoals:1)
  A vault sentinel (Vaults:5)
  A jumping spider (Spider:1)
  4 water elementals (Depths:3)
  2 air elementals (Depths:3)
  A wyvern (shapeshifter) (Vaults:5)
  An ice beast (shapeshifter) (Depths:1)
  A kobold (D:9)
  10 ball lightnings (Depths:3)
  33 fungi
  168 plants
  4 tentacles (Shoals:4)
234 creatures vanquished.

Grand Total: 2507 creatures vanquished

Notes
Turn   | Place    | Note
-------+----------+-------------------------------------------
     0 | D:1      | cbfl8 the Minotaur Berserker began the quest for the Orb.
     0 | D:1      | Reached XP level 1. HP: 19/19 MP: 0/0
    92 | D:1      | Reached XP level 2. HP: 27/27 MP: 1/1
   196 | D:1      | Reached skill level 4 in Axes
   281 | D:1      | Found a faded altar of an unknown god.
   629 | D:2      | Reached ** piety under Trog
   682 | D:2      | Reached XP level 3. HP: 33/33 MP: 2/2
   927 | D:2      | Noticed Jessica
   933 | D:2      | Killed Jessica
   934 | D:2      | Reached skill level 1 in Evocations
   934 | D:2      | Reached XP level 4. HP: 33/41 MP: 3/3
  1287 | D:3      | Reached skill level 5 in Axes
  1392 | D:3      | Noticed Grinder
  1400 | D:3      | Paralysed by Grinder for 3 turns
  1411 | D:3      | Paralysed by Grinder for 3 turns
  1417 | D:3      | Paralysed by Grinder for 6 turns
  1426 | D:3      | Killed Grinder
  1427 | D:3      | Reached skill level 5 in Fighting
  1427 | D:3      | Reached skill level 6 in Axes
  1427 | D:3      | Reached XP level 5. HP: 10/48 MP: 4/4
  1427 | D:3      | Reached XP level 6. HP: 12/56 MP: 5/5
  2586 | D:4      | Reached *** piety under Trog
  2587 | D:4      | Reached XP level 7. HP: 61/61 MP: 6/6
  3295 | D:5      | Entered Level 5 of the Dungeon
  3312 | D:5      | Found a burning altar of Makhleb.
  3340 | D:5      | Reached skill level 7 in Axes
  3340 | D:5      | Reached skill level 5 in Armour
  3488 | D:5      | Identified the ring "Lumpul" {Fly rPois rF+ Dex-5}
  4029 | D:5      | Noticed Blork the orc
  4037 | D:5      | Killed Blork the orc
  4176 | D:5      | Noticed Menkaure
  4181 | D:5      | Noticed Pikel
  4182 | D:5      | Killed Menkaure
  4183 | D:5      | Reached XP level 8. HP: 56/70 MP: 7/7
  4234 | D:5      | Killed Pikel
  4235 | D:5      | Reached skill level 8 in Axes
  5815 | D:6      | Noticed a two-headed ogre
  5824 | D:6      | Killed a two-headed ogre
  5825 | D:6      | Reached skill level 9 in Axes
  5825 | D:6      | Reached XP level 9. HP: 78/78 MP: 8/8
  6002 | D:6      | Found Jaty's Weapon Boutique.
  6172 | D:6      | Found a large runed translucent door.
  6173 | D:6      | Found a large runed translucent door.
  6176 | D:6      | Noticed cbfl8's ghost (novice MiBe)
  6289 | D:7      | Found a staircase to the Ecumenical Temple.
  6842 | D:7      | Reached skill level 5 in Evocations
  6851 | D:7      | Reached skill level 10 in Axes
  7140 | D:7      | Reached **** piety under Trog
  7222 | D:7      | Noticed a six-headed hydra
  7229 | D:7      | Killed a ten-headed hydra
  7230 | D:7      | Reached skill level 1 in Shields
  7230 | D:7      | Reached XP level 10. HP: 71/88 MP: 9/9
  7835 | D:7      | Reached skill level 11 in Axes
  8262 | D:8      | Found a flagged portal.
  8278 | Bailey   | Entered a bailey
  8317 | Bailey   | Reached skill level 10 in Armour
  8559 | Bailey   | Identified the +0 leather armour "Zyuneho" {rElec Str+2}
  9594 | D:8      | You fall into a shaft and drop 3 floors!
  9596 | D:11     | Noticed Sonja
  9600 | D:11     | Found a staircase to the Orcish Mines.
  9600 | D:11     | Found Ixzahef's Weapon Shoppe.
  9600 | D:11     | Noticed a four-headed hydra
  9604 | D:11     | Noticed a deep elf pyromancer
  9604 | D:11     | Noticed a two-headed ogre
  9620 | D:10     | Entered Level 10 of the Dungeon
  9674 | D:10     | Noticed a two-headed ogre
  9679 | D:10     | Killed a two-headed ogre
  9708 | D:10     | Noticed a two-headed ogre
  9727 | D:10     | Killed a two-headed ogre
  9728 | D:10     | Reached skill level 12 in Axes
  9728 | D:10     | Reached XP level 11. HP: 95/95 MP: 10/10
 10329 | D:8      | Identified the +1 cloak of the Six Tables {Int+3 Dex+3
                  | Stlth+}
 10390 | D:9      | Found the +4 Cigotuvi's embrace {rMiasma Drain rN+}
 10846 | D:9      | Noticed Joseph
 10848 | D:9      | Noticed Erica
 10856 | D:9      | Killed Joseph
 10857 | D:9      | Killed Erica
 11384 | D:10     | Reached skill level 5 in Shields
 11580 | D:10     | Found a staircase to the Lair.
 11760 | D:10     | Noticed Erolcha
 11766 | D:10     | Killed Erolcha
 12478 | D:11     | Reached skill level 1 in Stealth
 12482 | D:11     | Killed a deep elf pyromancer
 12483 | D:11     | Reached skill level 13 in Axes
 12514 | D:11     | Killed Sonja
 12514 | D:11     | Reached ***** piety under Trog
 12556 | D:11     | Noticed a sixfirhy
 12813 | D:11     | Noticed Harold
 12815 | D:11     | Noticed Nergalle
 12822 | D:11     | Killed a nine-headed hydra
 12825 | D:11     | Killed Harold
 12825 | D:11     | Killed Nergalle
 12826 | D:11     | Reached XP level 12. HP: 106/106 MP: 4/11
 12903 | D:11     | Killed a two-headed ogre
 13241 | D:12     | Noticed a boulder beetle
 13264 | D:12     | Killed a boulder beetle
 13265 | D:12     | Reached skill level 14 in Axes
 13445 | D:12     | Reached skill level 5 in Dodging
 13456 | D:12     | Reached skill level 10 in Fighting
 13711 | D:12     | Noticed a boulder beetle
 13716 | D:12     | Noticed a two-headed ogre
 13733 | D:12     | Noticed a boulder beetle
 13734 | D:12     | Noticed a boulder beetle
 14459 | D:12     | Killed a boulder beetle
 14496 | D:12     | Killed a boulder beetle
 15134 | D:12     | Identified the +1 plate armour of the Northern Lights
                  | {Str+3 Int+2}
 15363 | D:12     | Killed a two-headed ogre
 15444 | D:12     | Killed a boulder beetle
 15445 | D:12     | Reached skill level 15 in Axes
 15545 | D:12     | Noticed Nessos
 15551 | D:12     | Killed Nessos
 15560 | D:12     | Reached XP level 13. HP: 114/114 MP: 12/12
 15729 | D:12     | Received a gift from Trog
 16673 | D:13     | Found a radiant altar of Vehumet.
 16730 | D:13     | Noticed Jorgrun
 16741 | D:13     | Killed Jorgrun
 16974 | D:13     | Identified the +1 chain mail of Claustrophobia {Regen+
                  | Str+3}
 17372 | D:13     | Found a gate to the Vaults.
 17494 | D:14     | Found a portal to a secret trove of treasure.
 18088 | D:14     | Found a shimmering altar of Xom.
 18088 | D:14     | Found a shimmering altar of Xom.
 18088 | D:14     | Found a shimmering altar of Xom.
 18088 | D:14     | Found a shimmering altar of Xom.
 18088 | D:14     | Found a shimmering altar of Xom.
 18088 | D:14     | Found a shimmering altar of Xom.
 18089 | D:14     | Found a shimmering altar of Xom.
 18089 | D:14     | Found a shimmering altar of Xom.
 18632 | D:14     | Reached skill level 16 in Axes
 18917 | D:14     | Reached skill level 10 in Evocations
 19222 | D:15     | Entered Level 15 of the Dungeon
 19431 | D:15     | Found a white marble altar of Elyvilon.
 19432 | D:15     | Found a glowing silver altar of Zin.
 19433 | D:15     | Found a glowing golden altar of the Shining One.
 19454 | D:15     | Found a gate leading to a gauntlet.
 19461 | Gauntlet | Entered a Gauntlet
 19461 | Gauntlet | Found a transporter.
 19461 | Gauntlet | Found a transporter.
 19482 | Gauntlet | Found a transporter.
 19483 | Gauntlet | Found a transporter.
 19494 | Gauntlet | Found a transporter.
 19495 | Gauntlet | Found a transporter.
 19502 | Gauntlet | Found a runed translucent door.
 19505 | Gauntlet | Found a transporter.
 19518 | Gauntlet | Found a runed translucent door.
 19519 | Gauntlet | Found a transporter.
 19520 | Gauntlet | Found a runed translucent door.
 19533 | Gauntlet | Found a transporter.
 19537 | Gauntlet | Found a transporter.
 19545 | Gauntlet | Found a transporter.
 19549 | Gauntlet | Found a transporter.
 19772 | Gauntlet | Reached XP level 14. HP: 126/126 MP: 13/13
 19901 | Gauntlet | Reached skill level 10 in Shields
 20075 | Gauntlet | Identified the ring of Nifem {rElec rPois EV+4}
 20149 | Gauntlet | Identified the +0 scale mail of Follow the Leader {Drain
                  | rN+ Will+ Int+2}
 20502 | D:15     | Cast into level 2 of the Abyss (a wizard)
 20604 | Abyss:2  | Noticed a starcursed mass
 20690 | Abyss:2  | Noticed a bone dragon
 20709 | Abyss:2  | Killed a bone dragon
 20809 | Abyss:2  | Gained mutation: You tend to lose your temper in combat. [a
                  | neqoxec]
 20901 | Abyss:2  | Gained mutation: You are clumsy. (Dex -2) [a neqoxec]
 20904 | Abyss:2  | Gained mutation: You have hidden genetic defects. [a
                  | neqoxec]
 20921 | Abyss:2  | Noticed a starcursed mass
 20929 | Abyss:2  | Killed a starcursed mass
 20932 | D:15     | Escaped the Abyss
 21273 | D:15     | Found a staircase to the Depths.
 21943 | Lair:1   | Entered Level 1 of the Lair of Beasts
 21981 | Lair:1   | Noticed Prince Ribbit
 21985 | Lair:1   | Killed Prince Ribbit
 22275 | Lair:1   | Gained mutation: You are frail. (-10% HP) [hidden defects]
 23241 | Lair:1   | Noticed Fannar
 23248 | Lair:1   | Killed Fannar
 24026 | Lair:2   | Identified a scroll of acquirement
 24028 | Lair:2   | Acquired the +2 pair of gloves of Oshrem {Str+7}
 24648 | Lair:3   | Found a hole to the Spider Nest.
 24668 | Lair:3   | Gained mutation: You are occasionally teleported next to
                  | monsters. [hidden defects]
 24668 | Lair:3   | Lost mutation: You have hidden genetic defects. [hidden
                  | defects expressed]
 24689 | Lair:3   | Lost mutation: You are frail. (-10% HP) [potion of
                  | mutation]
 24689 | Lair:3   | Lost mutation: You are clumsy. (Dex -2) [potion of
                  | mutation]
 24689 | Lair:3   | Lost mutation: You are occasionally teleported next to
                  | monsters. [potion of mutation]
 24689 | Lair:3   | Gained mutation: You occasionally shout uncontrollably at
                  | your foes. [potion of mutation]
 24689 | Lair:3   | Gained mutation: You passively map a small area around you.
                  | [potion of mutation]
 24689 | Lair:3   | Gained mutation: You passively dampen the noise of your
                  | surroundings. [potion of mutation]
 24690 | Lair:3   | Lost mutation: You passively map a small area around you.
                  | [potion of mutation]
 24690 | Lair:3   | Lost mutation: You passively dampen the noise of your
                  | surroundings. [potion of mutation]
 24690 | Lair:3   | Gained mutation: Your flesh is cold resistant. (rC+)
                  | [potion of mutation]
 24690 | Lair:3   | Gained mutation: You are robust. (+10% HP) [potion of
                  | mutation]
 24690 | Lair:3   | Gained mutation: Your spells are a little harder to cast,
                  | but a little more powerful. [potion of mutation]
 24691 | Lair:3   | Lost mutation: Your spells are a little harder to cast, but
                  | a little more powerful. [potion of mutation]
 24691 | Lair:3   | Lost mutation: You are robust. (+10% HP) [potion of
                  | mutation]
 24691 | Lair:3   | Lost mutation: Your flesh is cold resistant. (rC+) [potion
                  | of mutation]
 24691 | Lair:3   | Gained mutation: You are dopey. (Int -2) [potion of
                  | mutation]
 24691 | Lair:3   | Gained mutation: You do not regenerate when monsters are
                  | visible. [potion of mutation]
 24691 | Lair:3   | Gained mutation: Your muscles are strong. (Str +2) [potion
                  | of mutation]
 24692 | Lair:3   | Lost mutation: You tend to lose your temper in combat.
                  | [potion of mutation]
 24692 | Lair:3   | Lost mutation: You do not regenerate when monsters are
                  | visible. [potion of mutation]
 24692 | Lair:3   | Gained mutation: You have sharp toenails. [potion of
                  | mutation]
 24693 | Lair:3   | Lost mutation: You have sharp toenails. [potion of
                  | mutation]
 24693 | Lair:3   | Lost mutation: You are dopey. (Int -2) [potion of mutation]
 24693 | Lair:3   | Lost mutation: Your muscles are strong. (Str +2) [potion of
                  | mutation]
 24693 | Lair:3   | Gained mutation: You have very sharp teeth. [potion of
                  | mutation]
 24693 | Lair:3   | Gained mutation: You are weak. (Str -2) [potion of
                  | mutation]
 25071 | Lair:3   | Reached skill level 17 in Axes
 25597 | Lair:3   | Found a staircase to the Shoals.
 25976 | Lair:4   | Received a gift from Trog
 26005 | Lair:4   | Reached XP level 15. HP: 135/135 MP: 14/14
 27784 | Lair:6   | Entered Level 6 of the Lair of Beasts
 28540 | Lair:6   | Reached skill level 15 in Armour
 28578 | Lair:6   | Received a gift from Trog
 28720 | Lair:6   | Found a staircase to the Slime Pits.
 30169 | Lair:6   | Identified the +9 plate armour of Kegg {rF++ Will+}
 30255 | Lair:6   | Noticed Josephine
 30268 | Lair:6   | Killed Josephine
 30432 | Lair:6   | Paralysed by a hornet for 3 turns
 30766 | Lair:6   | Reached ****** piety under Trog
 30787 | Lair:6   | Received a gift from Trog
 31247 | Orc:1    | Entered Level 1 of the Orcish Mines
 31247 | Orc:1    | Noticed an orc warlord
 31247 | Orc:1    | Noticed an orc warlord
 31269 | D:11     | Killed an orc warlord
 31336 | D:11     | Killed an orc warlord
 31387 | D:11     | Reached skill level 18 in Axes
 31469 | Orc:1    | Reached XP level 16. HP: 142/143 MP: 15/15
 31763 | Orc:1    | Identified the +8 war axe of Peace {vorpal, rPois Str+4
                  | Dex+4 SInv} (Trog gifted it to you on level 1 of the Orcish
                  | Mines)
 31763 | Orc:1    | Received a gift from Trog
 31840 | Orc:2    | Entered Level 2 of the Orcish Mines
 31882 | Orc:2    | Found a staircase to the Elven Halls.
 31906 | Orc:2    | Found Qubitepi's Jewellery Shop.
 31943 | Orc:2    | Found Ysoykk's Book Shoppe.
 31944 | Orc:2    | Found Leasoegi's Weapon Emporium.
 32009 | Orc:2    | Received a gift from Trog
 32019 | Orc:2    | Found Fihupt's Weapon Boutique.
 32024 | Orc:2    | Found Heikycs's Magic Scroll Shoppe.
 32035 | Orc:2    | Bought a scroll of identify for 28 gold pieces
 32035 | Orc:2    | Bought a scroll of summoning for 133 gold pieces
 32545 | Spider:1 | Entered Level 1 of the Spider Nest
 32788 | Spider:1 | Reached skill level 15 in Fighting
 33324 | Spider:1 | Lost mutation: You occasionally shout uncontrollably at
                  | your foes. [potion of mutation]
 33324 | Spider:1 | Lost mutation: You are weak. (Str -2) [potion of mutation]
 33324 | Spider:1 | Lost mutation: You have very sharp teeth. [potion of
                  | mutation]
 33324 | Spider:1 | Gained mutation: You are clumsy. (Dex -2) [potion of
                  | mutation]
 33953 | Spider:3 | Noticed Donald
 33978 | Spider:2 | Killed Donald
 34260 | Spider:3 | Received a gift from Trog
 35274 | Spider:3 | Found a transporter.
 35276 | Spider:3 | Found a transporter.
 35330 | Spider:3 | Reached XP level 17. HP: 137/155 MP: 16/16
 35674 | Shoals:1 | Entered Level 1 of the Shoals
 35690 | Shoals:1 | Reached skill level 19 in Axes
 36624 | Shoals:1 | Noticed Kirke
 36629 | Shoals:1 | Received a gift from Trog
 36635 | Shoals:1 | Reached skill level 15 in Shields
 36646 | Shoals:1 | Killed Kirke
 37350 | D:14     | You paid a toll of 4 potions of resistance to enter a
                  | treasure trove
 37351 | Trove    | Entered a treasure trove
 37353 | Trove    | Identified the ring of Circularity {rF+ Will+ Stlth+}
 37355 | Trove    | Identified the amulet of Perfectionism {Acrobat rPois rC-
                  | rN++ Stlth+}
 37365 | Trove    | Identified the ring "Ecwefy" {rPois MP-9 Str+6 Int+3}
 37367 | Trove    | Identified the ring of the Trout {rF+ rC+ Will+ Int+3}
 37389 | Trove    | Identified the ring of Okawaru's Favour {*Corrode Fly rElec
                  | rF+ Int+4}
 37394 | Trove    | Identified the ring "Piafuidi" {Int+6 Dex+6}
 38364 | Shoals:2 | Received a gift from Trog
 38508 | Shoals:2 | Found Uruen's Antique Weapon Boutique.
 39738 | Shoals:4 | Entered Level 4 of the Shoals
 39821 | Shoals:4 | Received a gift from Trog
 40056 | Shoals:4 | Identified the +4 chain mail of Usmeubun {rPois rCorr
                  | Stlth-}
 40389 | Shoals:4 | Noticed a kraken
 40541 | Shoals:4 | Reached XP level 18. HP: 168/168 MP: 8/17
 40641 | Shoals:4 | Got a barnacled rune of Zot
 41006 | Shoals:4 | Identified the amulet "Ynawir" {Regen+ Int+4 Dex+2}
 41530 | Shoals:4 | Identified the +1 hunting sling of the Snake Pit {vorpal,
                  | rPois rC+ Int+3}
 41750 | Spider:4 | Entered Level 4 of the Spider Nest
 41843 | Spider:4 | Identified Roxanne's Compendium of Stones
 41843 | Spider:4 | Noticed Roxanne
 42071 | Spider:4 | Identified the +4 war axe "Wuge" {vorpal, rN++ rCorr Int-4
                  | Stlth+} (Trog gifted it to you on level 4 of the Spider
                  | Nest)
 42071 | Spider:4 | Received a gift from Trog
 42482 | Spider:4 | Killed Roxanne
 42483 | Spider:4 | Reached skill level 20 in Axes
 42721 | Spider:4 | Noticed Agnes
 42733 | Spider:4 | Killed Agnes
 42947 | Spider:4 | Found the +0 pair of fencer's gloves {Riposte Dex+3}
 42988 | Spider:4 | Got a gossamer rune of Zot
 43468 | Vaults:1 | Entered Level 1 of the Vaults
 43902 | D:13     | Received a gift from Trog
 44234 | Vaults:1 | Noticed Aizul
 44241 | Vaults:1 | Reached skill level 15 in Evocations
 44257 | Vaults:1 | Killed Aizul
 44456 | Vaults:1 | Found Canweur's Antique Armour Shoppe.
 45037 | Vaults:1 | Reached XP level 19. HP: 179/179 MP: 18/18
 45287 | Vaults:2 | Found Zeynof's Assorted Antiques.
 45374 | Vaults:2 | Found Lohyfeilu's Book Emporium.
 45521 | Vaults:2 | Found Ojip Iwyushu's Weapon Boutique.
 45738 | Vaults:2 | Received a gift from Trog
 45879 | Vaults:2 | Identified the +0 scale mail "Eqamiupp" {rC+}
 45927 | Vaults:2 | Reached skill level 5 in Stealth
 46012 | Vaults:2 | Reached skill level 21 in Axes
 46070 | Vaults:2 | Found a staircase to the Crypt.
 46358 | Vaults:2 | Found Lolerety's Book Shop.
 46855 | Vaults:2 | Received a gift from Trog
 47172 | Vaults:2 | Found Ethepp's Magic Scroll Shoppe.
 47179 | Vaults:2 | Bought a scroll of teleportation for 60 gold pieces
 47179 | Vaults:2 | Bought a scroll of teleportation for 60 gold pieces
 47179 | Vaults:2 | Bought a scroll of teleportation for 60 gold pieces
 47799 | Vaults:3 | Identified the +1 helmet of Twilight {-Tele Str+7 Slay+2
                  | Stlth-}
 47872 | Vaults:3 | Identified the +1 chain mail "Lihifu Goful" {Rampage Dex+5
                  | Slay-3}
 48306 | Vaults:3 | Received a gift from Trog
 48478 | Vaults:3 | Reached skill level 22 in Axes
 48478 | Vaults:3 | Reached XP level 20. HP: 190/191 MP: 19/19
 49109 | Vaults:3 | Noticed Margery
 49193 | Vaults:3 | Killed Margery
 49686 | Vaults:3 | Noticed Mennas
 49780 | Vaults:2 | HP: 3/191 [Mennas/+2 eudemon blade of holy wrath (19)]
 50876 | Vaults:4 | Received a gift from Trog
 51325 | Vaults:4 | Noticed a golden dragon
 51857 | Vaults:4 | Received a gift from Trog
 52127 | Vaults:4 | Reached skill level 23 in Axes
 52666 | Vaults:4 | Identified the ring of Idipocki {rPois rF+ Will+ Dex-5}
 54678 | Vaults:4 | Killed a golden dragon
 54762 | Vaults:4 | Lost mutation: You are clumsy. (Dex -2) [potion of
                  | mutation]
 54762 | Vaults:4 | Gained mutation: You are robust. (+10% HP) [potion of
                  | mutation]
 54762 | Vaults:4 | Gained mutation: You have a pair of large horns on your
                  | head. [potion of mutation]
 54981 | Vaults:5 | Entered Level 5 of the Vaults
 55004 | Vaults:4 | Reached XP level 21. HP: 221/221 MP: 20/20
 55115 | Vaults:4 | Received a gift from Trog
 55271 | Vaults:4 | Reached skill level 10 in Dodging
 55276 | Vaults:5 | Noticed a golden dragon
 55488 | Vaults:4 | Killed a golden dragon
 56509 | Vaults:4 | Received a gift from Trog
 57842 | Vaults:4 | Reached skill level 24 in Axes
 58045 | Vaults:5 | Reached skill level 10 in Stealth
 58716 | Vaults:5 | Received a gift from Trog
 59027 | Vaults:5 | Identified the +6 rapier of the Spider Nest {holy, rN+}
 59140 | Vaults:5 | Identified the ring of the Duchess {Fire rPois Will+++
                  | Int+2 Stlth-}
 59598 | Vaults:5 | Noticed an ancient lich
 59620 | Vaults:5 | Killed an ancient lich
 60045 | Vaults:5 | Identified the +0 pair of gloves of Hairiness {rCorr MP+9
                  | Slay+3 SInv}
 60167 | Vaults:5 | Got a silver rune of Zot
 61522 | Vaults:2 | Killed Mennas
 61523 | Vaults:2 | Reached XP level 22. HP: 232/232 MP: 7/21
 61818 | Elf:1    | Entered Level 1 of the Elven Halls
 62040 | Elf:1    | Paralysed by an air elemental for 1 turns
 62043 | Elf:1    | Paralysed by an air elemental for 1 turns
 62507 | Elf:1    | Found Gocsul Tikka's Self-Improvement Boutique.
 62796 | Elf:1    | Received a gift from Trog
 63316 | Elf:2    | Reached skill level 25 in Axes
 64196 | Elf:2    | Found Mummod's Jewellery Emporium.
 64196 | Elf:2    | Paralysed by an air elemental for 1 turns
 64438 | Elf:2    | Identified the +5 long sword of Bloody Death {drain, rF+
                  | rCorr Stlth+}
 64439 | Elf:2    | Found Fesuiwk's Assorted Antiques.
 64519 | Elf:2    | Found Dyemedyo's Weapon Boutique.
 64864 | Elf:2    | Received a gift from Trog
 65150 | Elf:2    | Found Meketec's General Store.
 65325 | Elf:2    | Found the +6 arbalest "Damnation" {damnation}
 65539 | Elf:2    | Found a runed translucent gate.
 65540 | Elf:2    | Found a runed translucent gate.
 65540 | Elf:2    | Found a runed translucent gate.
 65581 | Elf:3    | Entered Level 3 of the Elven Halls
 65587 | Elf:3    | Paralysed by an air elemental for 1 turns
 65919 | Elf:3    | Found a shimmering blue altar of Sif Muna.
 66057 | Elf:3    | Noticed Asterion
 66072 | Elf:3    | Gained mutation: You have hidden genetic defects. [a
                  | cacodemon]
 66079 | Elf:3    | Killed Asterion
 66162 | Elf:3    | Found Sischa's Magic Scroll Shop.
 66705 | Elf:3    | Bought a scroll of teleportation for 39 gold pieces
 66705 | Elf:3    | Bought a scroll of enchant weapon for 97 gold pieces
 66790 | Elf:3    | Received a gift from Trog
 67432 | Elf:3    | Reached skill level 26 in Axes
 68026 | Elf:3    | Lost mutation: You are robust. (+10% HP) [hidden defects]
 68101 | Elf:3    | Found the +8 orange crystal plate armour {Archmagi, Int+3
                  | Clar}
 68997 | Elf:3    | Identified the +1 ring mail "Cugrel" {rF+ rC+ Slay+2}
 69015 | Elf:3    | Identified the +4 great mace of the Vestibule of Hell
                  | {vorpal, rN++ Str+4}
 69022 | Elf:3    | Identified the +1 war axe of Haqefih {vorpal, Int+7 Dex+3}
 69032 | Elf:3    | Identified the ring of Nemelex Xobeh's Favour {rC+ MP+9
                  | Int+6}
 69382 | Elf:3    | Identified the +0 pair of boots "Padwif" {-Tele Harm
                  | Regen+}
 69393 | Elf:3    | Identified the +6 broad axe of Tomorrow {vorpal, Drain
                  | rElec Int+7}
 70178 | Elf:2    | Reached XP level 23. HP: 214/216 MP: 7/22
 70226 | Elf:2    | Received a gift from Trog
 70642 | Elf:2    | Gained mutation: Your magical capacity is low. (-10% MP)
                  | [hidden defects]
 70642 | Elf:2    | Lost mutation: You have hidden genetic defects. [hidden
                  | defects expressed]
 70805 | Elf:2    | Lost mutation: You have a pair of large horns on your head.
                  | [potion of mutation]
 70805 | Elf:2    | Lost mutation: Your magical capacity is low. (-10% MP)
                  | [potion of mutation]
 70805 | Elf:2    | Gained mutation: You expend magic power (3 MP) to
                  | strengthen your wands. [potion of mutation]
 70805 | Elf:2    | Gained mutation: You sometimes lose the ability to read
                  | scrolls when taking damage. [potion of mutation]
 70805 | Elf:2    | Gained mutation: Your system is resistant to poisons.
                  | (rPois) [potion of mutation]
 70806 | Elf:2    | Lost mutation: Your system is resistant to poisons. (rPois)
                  | [potion of mutation]
 70806 | Elf:2    | Lost mutation: You expend magic power (3 MP) to strengthen
                  | your wands. [potion of mutation]
 70806 | Elf:2    | Lost mutation: You sometimes lose the ability to read
                  | scrolls when taking damage. [potion of mutation]
 70806 | Elf:2    | Gained mutation: Armour fits poorly on your strangely
                  | shaped body. [potion of mutation]
 70806 | Elf:2    | Gained mutation: Your body sometimes deteriorates upon
                  | taking damage. [potion of mutation]
 70807 | Elf:2    | Lost mutation: Your body sometimes deteriorates upon taking
                  | damage. [potion of mutation]
 70807 | Elf:2    | Lost mutation: Armour fits poorly on your strangely shaped
                  | body. [potion of mutation]
 70807 | Elf:2    | Gained mutation: Your spells are a little easier to cast,
                  | but a little less powerful. [potion of mutation]
 70807 | Elf:2    | Gained mutation: You are agile. (Dex +2) [potion of
                  | mutation]
 71040 | Depths:1 | Entered Level 1 of the Depths
 71041 | Depths:1 | Found a one-way gate leading to the halls of Pandemonium.
 71270 | Depths:1 | Found a one-way gateway to a ziggurat.
 71492 | Depths:1 | Found a gateway to Hell.
 71522 | Depths:1 | Paralysed by a sphinx for 5 turns
 71813 | Depths:1 | Found a runed translucent door.
 71814 | Depths:1 | Noticed a caustic shrike
 71816 | Depths:1 | Found a runed translucent door.
 71816 | Depths:1 | Found a runed translucent door.
 71931 | Depths:1 | Found a snail-covered altar of Cheibriados.
 72323 | Depths:1 | Killed a caustic shrike
 72324 | Depths:1 | Reached skill level 27 in Axes
 72482 | Depths:1 | Identified the +12 spear of Spontaneous Combustion {holy,
                  | *Noise rF+ Int+4}
 72754 | Depths:1 | Received a gift from Trog
 72876 | Depths:1 | Found a burning altar of Makhleb.
 73117 | Depths:2 | You fall into a shaft and drop 1 floor!
 73122 | Depths:3 | Paralysed by an air elemental for 1 turns
 73308 | Depths:3 | Paralysed by an air elemental for 1 turns
 73570 | Depths:2 | Found a one-way gate to the infinite horrors of the Abyss.
 73677 | Depths:2 | Paralysed by a floating eye for 4 turns
 73985 | Depths:2 | Found Jugotany's Serpentskin Sales.
 74123 | Depths:2 | Found a runed translucent gate.
 74123 | Depths:2 | Found a runed translucent gate.
 74123 | Depths:2 | Found a runed translucent gate.
 74130 | Depths:2 | Found a shadowy altar of Dithmenos.
 74171 | Depths:2 | Noticed bronco's ghost (veteran GnMo)
 74666 | Depths:3 | Received a gift from Trog
 74747 | Depths:4 | Entered Level 4 of the Depths
 75301 | Depths:4 | Found a gate to the Realm of Zot.
 75323 | Depths:3 | Paralysed by an air elemental for 1 turns
 75328 | Depths:3 | Paralysed by an air elemental for 1 turns
 75574 | Depths:3 | Reached XP level 24. HP: 210/233 MP: 22/22
 75711 | Depths:3 | Paralysed by an air elemental for 1 turns
 76002 | Depths:3 | Received a gift from Trog
 76269 | Depths:3 | Identified the ring "Cyteof" {rC+ Will+ EV+4}
 77103 | Depths:4 | Noticed Saint Roka
 77123 | Depths:4 | Killed Saint Roka
 77170 | Depths:4 | Found an ancient bone altar of Kikubaaqudgha.
 77494 | Depths:4 | Noticed Jory
 77507 | Depths:4 | Killed Jory
 77648 | Depths:4 | Noticed Boris
 77667 | Depths:4 | Killed Boris
 78297 | Zot:1    | Entered Level 1 of the Realm of Zot
 78317 | Depths:4 | Received a gift from Trog
 79776 | Zot:1    | Received a gift from Trog
 81226 | Zot:2    | Reached XP level 25. HP: 245/245 MP: 22/22
 81338 | Zot:2    | Reached skill level 15 in Stealth
 81338 | Zot:2    | Received a gift from Trog
 81389 | Zot:2    | You fall into a shaft and drop 2 floors!
 81389 | Zot:4    | Noticed a Killer Klown
 81412 | Zot:4    | Noticed a juggernaut
 81412 | Zot:4    | a Killer Klown changed into a juggernaut
 81733 | Zot:4    | Killed a juggernaut
 82895 | Zot:2    | Reached skill level 15 in Dodging
 83134 | Zot:2    | Received a gift from Trog
 83165 | Zot:2    | HP: 16/370 [yellow draconian/+0 glaive (44)]
 83166 | Zot:2    | HP: 4/370 [yellow draconian/+0 glaive (12)]
 83167 | Zot:2    | Slain by a yellow draconian knight

Illustrated notes

Levels and vault maps discovered:
D:1:      eino_arrival_tree_alley, layout_rooms,
          hellmonk_ecumenical_altar_inner_sanctum
D:2:      layout_loops_ring, wad_floor_pattern_2, kennysheep_another_room,
          amcnicky_mini_corridor_feature, chequers_decorated_corner,
          uniq_jessica
D:3:      layout_rooms, kennysheep_doodads, minivault_27, serial_bayou_lagoon_a,
          uniq_grinder
D:4:      layout_gridville, amcnicky_mini_pool_small
D:5:      layout_basic, makhleb_blood_cavern_becter, uniq_menkaure,
          uniq_blork_the_orc, uniq_pikel
D:6:      layout_cave_pools, ebering_ghost_disaster_area, serial_shops,
          nicolae_shop_bloodbath_and_beyond
D:7:      layout_basic, minmay_temple_entry_large_hall,
          hangedman_minor_gate_pass
D:8:      layout_basic, lightli_bailey_entry_fortress
D:9:      layout_basic, uniq_erica, uniq_joseph
D:10:     layout_basic, david_lair_shrubbed, chequers_mini_garden, uniq_erolcha
D:11:     layout_rooms, orc_david_3, portal_ice_cave_entry_pillars_2,
          uniq_harold, uniq_sonja, uniq_nergalle
D:12:     layout_long_grid, special_room [special_room_bee],
          minmay_pinched_square, uniq_nessos
D:13:     layout_basic, david_vaults_1, vehumet_altar_wand_db, uniq_jorgrun
D:14:     layout_stronghold, nrook_campfire, enter_trove_3, xom_shifter_show
D:15:     grunt_enter_depths_magical_seal, layout_basic, good_gods_mini_temple,
          gauntlet_entry_generic
Lair:1:   layout_chaotic_city, serial_bayou_shore_b, uniq_fannar,
          uniq_prince_ribbit2
Lair:2:   layout_roguey, hangedman_lair_generics_rect
Lair:3:   dragon1_lemuel, layout_cave_pods, shoals_dummy_entry,
          nicolae_spider_entry_non_spiders, serial_bayou_pond_b
Lair:4:   layout_loops_ring, minmay_lair_oklob_bushes,
          cheibrodos_lair_lostbears, lemuel_fruit_tree
Lair:5:   layout_loops_ring, serial_bayou_shore_b
Lair:6:   minmay_lair_end_enchanted_forest, layout_long_grid,
          minmay_slime_entry_oklob_enclosed, serial_bayou_ford_a,
          bh_autumn_forest_stairs, minmay_lair_drake_nest, uniq_josephine
Shoals:1: layout_shoals, nicolae_shoals_hidden_pirate_stash, uniq_kirke
Shoals:2: layout_shoals, nicolae_stop_n_shop_2
Shoals:3: layout_shoals, nicolae_shoals_water_elemental_grotto
Shoals:4: shoals_end_hangedman, layout_shoals, nicolae_shoals_lost_giant_hut
Spider:1: layout_spider_delve
Spider:2: layout_spider_delve, spiders_nest_hornet_nest
Spider:3: gammafunk_boulding_lane, drop_trap, uniq_donald
Spider:4: hellmonk_spider_rune_bug_friends, drop_trap, uniq_roxanne, uniq_agnes
Orc:1:    layout_diamond_mine, mines_bat_river
Orc:2:    st_orc_open, layout_caves, serial_shops, shop
Elf:1:    eino_elf_arrival_shootout, layout_onion_city, minmay_elf_necromancy,
          nicolae_shop_self_help
Elf:2:    nicolae_elf_blades_crystal_corner, layout_gridlike, serial_shops,
          nicolae_stop_n_shop_1, shop, shop, shop,
          hellmonk_guarded_unrand_damnation
Elf:3:    minmay_elf_hall_four_x, layout_gridlike, serial_shops, shop,
          basic_altar, uniq_asterion
Vaults:1: hangedman_vaults_pinch, vaults_dpeg_encased_lava, v_pattern_5,
          nicolae_vaults_little_squares_3, nicolae_vaults_puzzle_piece,
          hangedman_vaults_restitches, nicolae_vaults_little_squares_6,
          hangedman_vaults_locks, nicolae_vaults_theta, layout_vaults_ring,
          serial_shops, shop_fountains, uniq_aizul
Vaults:2: nicolae_vaults_rhombus_7, v_misc_8, v_misc_19, grunt_vaults_funnel,
          v_misc_25, nicolae_vaults_an_arrangement, hangedman_vaults_cutoff,
          v_pattern_1, dpeg_vaults_monster_box, nicolae_vaults_border_crossing,
          vaults_room_grunt_arrival_checkpoint, nicolae_vaults_little_squares_1,
          layout_vaults_big_room, minmay_crypt_entry_skeletal_spiral,
          serial_shops, nicolae_shop_waterfront, nicolae_shop_behind_doors,
          shop, nicolae_shop_stone, nicolae_square_shop
Vaults:3: v_rooms_4, ontoclasm_vaults_misaligned, v_alt_pattern_2,
          nicolae_vaults_puzzle_piece, hangedman_vaults_snaps,
          hangedman_vaults_restitches, nicolae_vaults_three_branches,
          nicolae_vaults_little_squares_6, nicolae_vaults_diagonal_hallway_7,
          hangedman_vaults_impose, layout_vaults_omnicross, uniq_mennas,
          uniq_margery
Vaults:4: ontoclasm_vaults_bender, vaults_mumra_hexcomb, v_alt_pattern_4,
          vaults_room_pools, st_greater_box_3, grunt_vaults_swirl,
          ontoclasm_vaults_hangar, vaults_room_grid,
          ontoclasm_vaults_decontamination, hangedman_vaults_cutoff,
          vaults_mumra_minichess, nicolae_vaults_little_squares_4, v_rooms_4,
          layout_vaults_maze_snakey
Vaults:5
Depths:1: minmay_the_grid_four_pointed_star_mashed
          [minmay_the_grid_triangle_9x9_shrine,
          minmay_the_grid_triangle_9x9_intruding_spiral,
          minmay_the_grid_triangle_9x9_fully_insulated_deathbox,
          minmay_the_grid_triangle_9x9_impossible_snake,
          minmay_the_grid_prize_diamond_cup], layout_twisted_cross,
          enter_ziggurat_e, hell_entry, pan_entry, corexii_leaking_fountain,
          cheibriados_altar_1
Depths:2: hangedman_surveillance_ring, layout_cave_pools,
          grunt_hell_entry_dis_grunt, gammafunk_ghost_icy,
          nicolae_dithmenos_through_a_glass_darkly, abyss_entry,
          grunt_pan_entry_in_and_out, guppyfry_shop_venom
Depths:3: radiant_caverns_a_rkd, hell_entry, abyss_entry
Depths:4: evilmike_zot_entry_basic, layout_honeycomb,
          abyss_entry_small_statue_room, hangedman_decor_diamond_cutter,
          hell_entry, lemuel_zombie_altar_kikubaaqudgha, uniq_saint_roka,
          uniq_boris, uniq_jory
Zot:1:    grunt_twist_and_shout, layout_cathedral_of_symmetry,
          hangedman_elemental_corridor
Zot:2:    lemuel_acid_trip, layout_cathedral_of_symmetry
Zot:3:    layout_misc_corridors, gammafunk_ghost_cemetery, grunt_ministairs_7
Zot:4:    layout_concentric_octagons

Skill      XL: |  1  2  3  4  5  6  7  8  9 10 11 12 13 14 15 16 17 18 19 20 21 22 23 24 25 |
---------------+----------------------------------------------------------------------------+-----
Axes           | 4 6 7 9 10 12 13 15 16 17 18 19 20 22 23 24 26 27 | 27.0
Fighting       | 4 5 6 7 8 9 10 12 13 14 15 16 18 19 20 21 22 23 24 | 24.6
Evocations     | 1 2 3 4 5 6 7 9 10 11 12 13 14 15 | 15.8
Armour         | 3 4 6 8 9 10 11 12 13 14 15 16 17 18 19 20 21 | 21.1
Dodging        | 3 4 5 6 7 9 11 12 13 14 15 | 15.0
Shields        | 1 4 6 8 9 11 13 14 16 18 19 20 21 23 24 | 24.6
Stealth        | 1 2 3 4 6 7 10 12 14 15 | 15.3

Action                   |  1- 3 |  4- 6 |  7- 9 | 10-12 | 13-15 | 16-18 | 19-21 | 22-24 | 25-27 || total
-------------------------+-------+-------+-------+-------+-------+-------+-------+-------+-------++-------
Melee: Hand axe          |    81 |    81 |   202 |       |       |       |       |       |       ||   364
       Headbutt          |     8 |    12 |    49 |   115 |   247 |   416 |   548 |   843 |   142 ||  2380
       War axe           |       |       |    32 |   412 |   903 |       |   238 |   758 |       ||  2343
       Bite              |       |       |       |       |    67 |    19 |       |       |       ||    86
       Broad axe         |       |       |       |       |    45 |  1731 |  1323 |  1486 |   313 ||  4898
Invok: Berserk           |       |     4 |     7 |    11 |    14 |     5 |    12 |    16 |     5 ||    74
       Trog's Hand       |       |     1 |       |     1 |     6 |       |       |       |       ||     8
       Brothers in Arms  |       |       |       |     1 |       |       |     3 |       |     2 ||     6
Evoke: Wand              |       |       |       |     1 |    44 |    11 |    23 |     2 |    10 ||    91
       Lightning rod     |       |       |       |       |       |       |     1 |       |       ||     1
  Use: Scroll            |     3 |     1 |     2 |    14 |    25 |     8 |    10 |    14 |     5 ||    82
       Potion            |       |       |       |     1 |     8 |     1 |    13 |     6 |     3 ||    32
 Stab: Distracted        |       |       |       |     3 |    20 |       |       |     2 |       ||    25
       Sleeping          |       |       |       |     1 |       |       |       |     3 |       ||     4
       Held in net/web   |       |       |       |       |       |     1 |       |       |       ||     1
       Paralysed         |       |       |       |       |       |       |     1 |       |       ||     1
       Invisible         |       |       |       |       |       |       |       |     6 |     7 ||    13
Armor: Chain mail        |    48 |    29 |   109 |    65 |       |       |       |       |       ||   251
       Animal skin       |     1 |       |       |       |       |       |       |       |       ||     1
       Leather armour    |       |       |       |    25 |       |       |       |       |       ||    25
       Plate armour      |       |       |       |    33 |   426 |   696 |   578 |   120 |       ||  1853
       Crystal plate arm |       |       |       |       |       |       |       |   561 |   153 ||   714
Dodge: Dodged            |    46 |    24 |   100 |   139 |   436 |   608 |   605 |   649 |   154 ||  2761
Block: Other             |       |       |    14 |     6 |       |       |       |       |       ||    20
       Buckler           |       |       |       |   204 |   624 |   291 |       |       |       ||  1119
       Reflection        |       |       |       |    47 |    23 |   127 |   106 |    99 |     7 ||   409
       Kite shield       |       |       |       |       |       |  1232 |  1515 |  1824 |   383 ||  4954
       Rpst.: Broad axe  |       |       |       |       |       |    13 |   100 |    82 |    13 ||   208
       War axe           |       |       |       |       |       |       |    12 |    36 |       ||    48
